 Dungeon Crawl Stone Soup version 0.19-a0-593-gf2cdb02 (webtiles) character file.

224 zero the Chopper (level 6, -1/55 HPs)
             Began as a Gargoyle Berserker on June 10, 2016.
             Was a Priest of Trog.
             Slain by an ogre
             ... wielding a +0 giant club
              (10 damage)
             ... on level 4 of the Dungeon.
             The game lasted 00:03:54 (3327 turns).

zero the Chopper (Gargoyle Berserker)               Turns: 3327, Time: 00:03:55

Health: -1/55      AC: 17    Str: 27    XL:     6   Next: 0%
Magic:  6/6        EV:  7    Int:  8    God:    Trog [***...]
Gold:   288        SH:  0    Dex:  9    Spells: 0 memorised, 5 levels left

rFire  . . .     SeeInvis .     q - +0 war axe
rCold  . . .     Gourm    .     p - +0 plate armour
rNeg   + . .     Faith    .     (no shield)
rPois  ∞         Spirit   .     (no helmet)
rElec  +         Dismiss  .     e - +0 cloak
rCorr  .         Reflect  .     (no gloves)
SustAt .         Harm     .     h - +0 pair of boots
MR     .....                    (no amulet)
Stlth  ..........               (no ring)
                                (no ring)

@: berserking, very quick, not resistant to hostile enchantments, extremely
unstealthy
A: negative energy resistance 1, electricity resistance, unbreathing,
petrification resistance, rot immunity, AC +4
a: Berserk, Trog's Hand, Burn Spellbooks, Renounce Religion


You were on level 4 of the Dungeon.
You worshipped Trog.
Trog was most pleased with you.
You were not hungry.

You visited 1 branch of the dungeon, and saw 4 of its levels.

You collected 288 gold pieces.

Inventory:

Hand Weapons
 q - a +0 war axe (weapon)
Armour
 e - a +0 cloak (worn)
 h - a +0 pair of boots (worn)
 p - a +0 plate armour (worn)
Wands
 u - a wand of paralysis (13/24)
Scrolls
 d - a scroll of enchant weapon {unknown}
 j - 2 scrolls of teleportation {unknown}
 k - 2 scrolls of remove curse {unknown}
 m - 4 scrolls of identify {unknown}
 n - a scroll of fog {unknown}
 r - a scroll of fear {unknown}
 s - a scroll of blinking {unknown}
Potions
 a - a potion of haste {unknown}
 b - a potion of mutation {unknown}
 i - 3 potions of flight {unknown}
 l - 2 potions of agility {unknown}
 t - 2 potions of resistance {unknown}
 v - a potion of curing {unknown}
 w - 2 potions of heal wounds {unknown}
Books
 x - a book of Summonings

   Spells                             Type                      Level
   a - Recall                         Summoning/Translocation      3
   b - Aura of Abjuration             Summoning                    5
   c - Summon Demon                   Summoning                    5
   d - Summon Forest                  Summoning/Translocation      5
   e - Summon Mana Viper              Hexes/Summoning              5
   f - Shadow Creatures               Summoning                    6
   Trog disapproves of the use of such an item.
Comestibles
 c - 2 bread rations
 f - a chunk of flesh
 g - 3 meat rations
 o - a royal jelly


   Skills:
 - Level 3.2 Fighting
 + Level 5.9 Axes
 - Level 2.1 Armour
 - Level 1.5 Dodging


You had 5 spell levels left.
You didn't know any spells.

Dungeon Overview and Level Annotations

Branches:
Dungeon (4/15)             Temple (0/1) D:4

Altars:
Fedhas


Innate Abilities, Weirdness & Mutations

You are resistant to torment.
Your stone body is resilient. (AC +4)
You are immune to poison.
You resist negative energy. (rN+)
You are resistant to electric shocks. (rElec)
You can survive without breathing.
You are immune to petrification.
You are immune to rotting.


Message History

You are too injured to fight recklessly!
You are too injured to fight recklessly!
You are too injured to fight recklessly!
You are too injured to fight recklessly!
You are too injured to fight recklessly!
You are too injured to fight recklessly!
You are too injured to fight recklessly!
You are too injured to fight recklessly!
You are too injured to fight recklessly!
You are too injured to fight recklessly!
You are too injured to fight recklessly!
You are too injured to fight recklessly!
You are too injured to fight recklessly!
You are too injured to fight recklessly!
You are too injured to fight recklessly!
You are too injured to fight recklessly!
A red film seems to cover your vision as you go berserk!
You feel yourself moving faster!
You feel mighty!
You feel somewhat more hungry. The ogre hits you with a giant club!
You die...

# #........... #
#..#...>...#........
####...................#
......#.......#.........
#.#.#..................#
#.#.#.#.#.#.#.#........
.....................
#.#.###.##.##.#.O#.#####
................@......#
.##.###.##..#.##.#.###.#
. #.# #.# #.#.##.#.....
.##.###.# #.............
........####..##.#.....#
..............##.#.#.###
.############.##.# # #
#<.#.# #..#.#


You could see an ogre.

Vanquished Creatures
  4 gnolls
  8 adders
  An ooze (D:2)
  A worm (D:3)
  2 dart slugs
  2 giant geckos (D:1)
  15 orcs (D:3)
  4 giant cockroaches
  6 hobgoblins
  8 jackals
  A quokka (D:2)
  A ball python (D:1)
  7 bats
  2 giant newts
  12 goblins
  9 kobolds
  4 rats
  2 fungi (D:3)
  2 plants (D:3)
91 creatures vanquished.

Notes
Turn   | Place    | Note
--------------------------------------------------------------
     0 | D:1      | zero the Gargoyle Berserker began the quest for the Orb.
     0 | D:1      | Reached XP level 1. HP: 14/14 MP: 1/1
    69 | D:1      | Reached skill level 3 in Axes
   108 | D:1      | Reached XP level 2. HP: 7/19 MP: 2/2
   624 | D:1      | Reached XP level 3. HP: 23/23 MP: 3/3
   713 | D:1      | Reached ** piety under Trog
  1087 | D:2      | Reached skill level 4 in Axes
  1188 | D:2      | Reached XP level 4. HP: 12/28 MP: 4/4
  2086 | D:3      | Reached skill level 5 in Axes
  2092 | D:3      | Found a blossoming altar of Fedhas.
  2101 | D:3      | Reached XP level 5. HP: 24/32 MP: 5/5
  2228 | D:3      | Reached *** piety under Trog
  3264 | D:4      | Reached XP level 6. HP: 37/37 MP: 6/6
  3284 | D:4      | Found a staircase to the Ecumenical Temple.
  3327 | D:4      | Slain by an ogre

Vault maps used:
D:1:      dpeg_arrival_simpleton_c, hangedman_abyss_or_decor_lesser_grid
D:2:      hangedman_glass_teeth
D:3:      corexii_shack_village, fedhas_altar_3
D:4:      minmay_temple_entry_glass, first_bread, portal_sewer_entry_d,
          st_stairs_6, uniq_eustachio

Skill      XL: |  1  2  3  4 |
---------------+-------------+-----
Axes           | 3 4 5 |  5.9
Fighting       | |  3.2
Armour         | |  2.1
Dodging        | |  1.5

Action                   |  1- 3 |  4- 6 || total
-------------------------+-------+-------++-------
Melee: Hand axe          |   106 |    97 ||   203
       War axe           |       |   153 ||   153
Invok: Berserk           |       |     1 ||     1
  Eat: Chunk             |     1 |     6 ||     7
       Pizza             |       |     2 ||     2
       Beef jerky        |       |     1 ||     1
Armor: Animal skin       |    26 |       ||    26
       Ring mail         |     8 |    59 ||    67
       Plate armour      |       |   117 ||   117
Dodge: Dodged            |    79 |   104 ||   183
